 Dungeon Crawl Stone Soup version 0.32-a0-818-gb728d02 (webtiles) character file.

Game seed: 17733464788722317552

142 oops the Slasher (level 5, -3/39 HPs)
             Began as a Coglin Gladiator on Mar 24, 2024.
             Splashed by a jelly's acid (6 damage)
             ... on level 4 of the Dungeon.
             The game lasted 00:04:23 (1919 turns).

oops the Slasher (Coglin Gladiator)                 Turns: 1919, Time: 00:04:23

Health: -3/39      AC: -2    Str: 14    XL:     5   Next: 25%
Magic:  5/5        EV:  7    Int:  8    God:
Gold:   126        SH:  0    Dex: 17    Spells: 4/4 levels left

rFire   . . .        a - +0 long sword {Kammani}
rCold   . . .        i - +4 dagger {Mizue}
rNeg    . . .        t - +0 chain mail
rPois   .            c - +0 helmet
rElec   .            (no cloak)
rCorr   .            (no gloves)
SInv    .            (no boots)
Will    .....        (amulet unavailable) Stlth
                     (ring unavailable)
HPRegen 0.26/turn    (ring unavailable)
MPRegen 0.09/turn    (no gizmo)

%: no passive effects
@: corroded, revved
A: off-hand wielding, slow wielding, warmup strikes, no jewellery
a: Invent Gizmo


You were on level 4 of the Dungeon.
You visited 1 branch of the dungeon, and saw 4 of its levels.

You collected 126 gold pieces.

Inventory:

Hand Weapons
 a - a +0 long sword (weapon) {Kammani}
 f - a +0 dagger {Sebastián}
 i - a +4 dagger (offhand) {Mizue}
Missiles
 d - 3 throwing nets (quivered)
 e - a javelin
 r - 2 poisoned darts
Armour
 b - a +0 leather armour
 c - a +0 helmet (worn)
 j - a +0 scale mail
 t - a +0 chain mail (worn)
Scrolls
 m - a scroll of blinking {unknown}
 n - 2 scrolls of identify {unknown}
 o - 3 scrolls of fog {unknown}
 p - a scroll of poison {unknown}
 s - a scroll of fear {unknown}
 u - a scroll of teleportation {unknown}
Potions
 g - 2 potions of heal wounds
 h - a potion of might {unknown}
 k - a potion of enlightenment {unknown}
 l - a potion of curing
 q - a potion of mutation {unknown}


   Skills:
 + Level 2.5 Fighting
 + Level 1.3(2.8) Short Blades
 + Level 4.2(4.4) Long Blades
 + Level 1.7 Throwing
 + Level 1.6 Armour
 + Level 3.0 Dodging
 + Level 0.5 Stealth


You had 4 spell levels left.
You didn't know any spells.
Your spell library was empty.

Dungeon Overview and Level Annotations

Branches:
Dungeon (4/15)
 Temple: D:4-7

Altars:
Wu Jian


Innate Abilities, Weirdness & Mutations

You can wield a second weapon in your off-hand.
It takes a long time for you to wield or remove held weapons.
Your first few attacks do less damage.
You cannot equip rings or amulets.


Message History

Found a stone staircase leading down.
Done exploring.
There is a stone staircase leading down here.
You climb downwards.
There is a stone staircase leading up here.
A jelly comes into view.
The jelly quivers.
You hit the jelly with your +4 dagger. The acid corrodes you!
Your graspers burn!
The jelly is lightly wounded.
You hit the jelly with your +0 long sword.
Your graspers burn!
The jelly barely misses you.
You barely miss the jelly with your +4 dagger.
The jelly is moderately wounded.
You hit the jelly with your +0 long sword.
Your graspers burn!
The jelly hits you but does no damage.
You hit the jelly with your +0 long sword.
Your graspers burn!
The jelly is severely wounded.
You hit the jelly but do no damage.
Your graspers burn!
The jelly hits you. The acid corrodes you!
You are splashed with acid!
You are too injured to fight recklessly!
You are too injured to fight recklessly!
You are too injured to fight recklessly!
You are too injured to fight recklessly!
You hit the jelly but do no damage.
Your graspers burn!
* * * LOW HITPOINT WARNING * * *
The jelly is severely wounded.
You hit the jelly with your +0 long sword.
Your graspers burn!
* * * LOW HITPOINT WARNING * * *
You hit the jelly but do no damage.
Your graspers burn!
* * * LOW HITPOINT WARNING * * *
The jelly is almost dead.
You hit the jelly but do no damage.
Your graspers burn!
* * * LOW HITPOINT WARNING * * *
The jelly hits you.
* * * LOW HITPOINT WARNING * * *
The acid corrodes you!
You are splashed with acid.
You die...

###<########
#...........
#.#.######..
#.#.# #.#.#
#.#.# #.#..
#..
#.###.....
#.@J.....#
#####..#..
..# .


You could see a jelly.

Vanquished Creatures
  A scorpion (D:3)
  An adder (D:2)
  A dart slug (D:2)
  A ribbon worm (D:2)
  An orc (D:3)
  8 bats
  8 endoplasms
  A giant cockroach (D:1)
  9 goblins
  5 hobgoblins
  5 jackals (D:2)
  4 quokkas
  6 ball pythons
  2 frilled lizards (D:1)
  7 kobolds
  6 rats
66 creatures vanquished.

Notes
Turn   | Place    | Note
-------+----------+-------------------------------------------
     0 | D:1      | oops the Coglin Gladiator began the quest for the Orb.
     0 | D:1      | Reached XP level 1. HP: 16/16 MP: 1/1
    60 | D:1      | Reached XP level 2. HP: 18/22 MP: 2/2
   289 | D:1      | Reached XP level 3. HP: 26/27 MP: 3/3
   649 | D:1      | Found an ornate altar of the Wu Jian Council.
   749 | D:2      | Reached skill level 1 in Armour
   813 | D:2      | Reached XP level 4. HP: 33/33 MP: 4/4
   927 | D:2      | Reached skill level 4 in Long Blades
  1218 | D:3      | Noticed a scorpion
  1230 | D:3      | Killed a scorpion
  1231 | D:3      | Reached skill level 1 in Short Blades
  1231 | D:3      | Reached XP level 5. HP: 10/39 MP: 5/5
  1919 | D:4      | Splashed by a jelly's acid

Illustrated notes

Levels and vault maps discovered:
D:1:      dpeg_arrival_lava_altar, layout_basic
D:2:      layout_rooms
D:3:      layout_loops_ring, kennysheep_generic_room_6
D:4:      layout_basic, corner_web_ring

Skill      XL: |  1  2  3  4 |
---------------+-------------+-----
Dodging        | 3 |  3.0
Armour         | 1 |  1.6
Long Blades    | 4 |  4.2
Short Blades   | 1 |  1.3
Fighting       | |  2.5
Throwing       | |  1.7
Stealth        | |  0.5

Action                     |  1- 3 |  4- 6 || total
---------------------------+-------+-------++-------
  Melee: Long sword        |    69 |    54 ||   123
         Dagger            |    68 |    51 ||   119
    Use: Potion            |       |     2 ||     2
   Stab: Sleeping          |     1 |       ||     1
 Armour: Leather armour    |    20 |       ||    20
         Scale mail        |    18 |    35 ||    53
         Chain mail        |       |     9 ||     9
  Dodge: Dodged            |    34 |    30 ||    64

Table legend: (Time is in decaauts)
 A = Elapsed time spent in this place.
 B = Non-inter-level travel time spent in this place.
 C = Inter-level travel time spent in this place.
 D = Time resting spent in this place.
 E = Time spent auto-exploring this place.
 F = Levels seen in this place.
 G = Mean time per level.
                   A        B        C        D        E       F      G
               +--------+--------+--------+--------+--------+-----+--------+
         Total |   1925 |   1842 |     83 |      0 |   1474 |   4 |  481.2 |
       Dungeon |   1925 |   1842 |     83 |      0 |   1474 |   4 |  481.2 |
               +--------+--------+--------+--------+--------+-----+--------+

Top non-repeatable levels by time:
     D:3: 720 daAuts
     D:1: 704 daAuts
     D:2: 484 daAuts
     D:4: 15 daAuts
